 Dungeon Crawl Stone Soup version 0.29-a0-323-g050149af67 (webtiles) character file.

Game seed: 18249592145290593964

66 Morbidden the Skirmisher (level 3, -6/29 HPs)
             Began as a Demonspawn Fighter on Apr 10, 2022.
             Mangled by a gnoll
             ... wielding a +0 flail
              (7 damage)
             ... on level 3 of the Dungeon.
             The game lasted 00:01:17 (2381 turns).

Morbidden the Skirmisher (Demonspawn Fighter)       Turns: 2381, Time: 00:01:17

Health: -6/29      AC:  6    Str: 16    XL:     3   Next: 96%
Magic:  3/3        EV:  8    Int: 11    God:
Gold:   238        SH:  4    Dex: 12    Spells: 2/2 levels left

rFire   . . .      SeeInvis .   a - +0 war axe
rCold   . . .      Faith    .   c - +0 buckler
rNeg    . . .      Spirit   .   b - +0 scale mail
rPois   .          Reflect  .   (no helmet)
rElec   .          Harm     .   (no cloak)
rCorr   .          Rampage  .   (no gloves)
Will    .....                   (no boots)
Stlth   ..........              (no amulet)
HPRegen 0.09/turn               (no ring)
MPRegen 0.08/turn               (no ring)

@: brilliant
A: demonic magic 1
a: no special abilities


You were on level 3 of the Dungeon.
You visited 1 branch of the dungeon, and saw 3 of its levels.

You collected 238 gold pieces.

Inventory:

Hand Weapons
 a - a +0 war axe (weapon)
Armour
 b - a +0 scale mail (worn)
 c - a +0 buckler (worn)
Jewellery
 k - a ring of flight
 l - a ring of ice
 n - a +4 ring of protection
Wands
 o - a wand of paralysis (12)
Scrolls
 e - 2 scrolls of enchant weapon {unknown}
 f - a scroll of teleportation {unknown}
 g - 2 scrolls of amnesia {unknown}
 i - a scroll of noise {unknown}
 j - 2 scrolls of identify {unknown}
 m - a scroll of blinking {unknown}
 p - a scroll of vulnerability {unknown}
 q - a scroll of fear {unknown}
Potions
 d - a potion of might
 h - a potion of brilliance


   Skills:
 + Level 3.4 Fighting
 + Level 2.7 Axes
 + Level 3.2 Armour
 + Level 0.3 Stealth
 + Level 3.0 Shields


You had 2 spell levels left.
You didn't know any spells.
Your spell library contained the following spells:

 Spells                   Type           Power      Damage    Failure   Level
 Summon Forest            Summ/Tloc      0%         N/A       100%        5
 Eringya's Noxious Bog    Tmut/Pois      0%         N/A       100%        6
 Summon Hydra             Summ           0%         N/A       100%        7


Dungeon Overview and Level Annotations

Branches:
Dungeon (3/15)

Altars:
Wu Jian

Shops:
D:2 (![(

Annotations:
D:3 2 transporters


Innate Abilities, Weirdness & Mutations

Spells you cast may paralyse adjacent enemies.


Message History

You slash the gnoll! You block the gnoll's attack.
The gnoll hits you with a +0 whip.
You slash the gnoll!
You kill the gnoll!
You hit the gnoll. You barely miss the gnoll. The gnoll barely misses you.
You block the gnoll's attack. The gnoll hits you with a +0 flail.
The gnoll barely misses you.
You hit the gnoll.
The gnoll is moderately wounded.
You hit the endoplasm. You hit the gnoll.
The endoplasm hits you but does no damage.
The gnoll barely misses you. The gnoll hits you with a +0 flail.
You hit the endoplasm but do no damage.
The endoplasm is severely wounded.
You barely miss the gnoll. x2; You block the gnoll's attack.
The endoplasm barely misses you. The gnoll hits you with a +0 flail!
You are too injured to fight recklessly!
You are too injured to fight recklessly!
You are too injured to fight recklessly!
Unknown command.
You hit the gnoll but do no damage.
The gnoll is moderately wounded.
You block the gnoll's attack.
You slash the gnoll!
The gnoll is almost dead.
The gnoll hits you with a +0 flail.
* * * LOW HITPOINT WARNING * * *
You closely miss the gnoll.
The gnoll is almost dead.
The gnoll hits you with a +0 flail.
* * * LOW HITPOINT WARNING * * *
You block the gnoll's attack.
You closely miss the gnoll.
The gnoll is almost dead.
The gnoll barely misses you.
Unknown command.
It was a potion of brilliance.
You feel clever all of a sudden. The gnoll hits you with a +0 flail!
You die...

.#.#.Y8#.#
.........
..©.gs##.#
#...#.#..
#######..##
#.......
..........# #
....#.#
.#..#...#.##
#.#....#
##..#...#..#
#.#.!.#.#.#
....#...##.#
#..gJ......
....#...##.##
#g#
#####...##..#
#@#
....###.##
#.# .....#
#..# #$#
##.###.#
#..##.#
##.##.#
#..#.# ##.#.#
#...#


You could see 2 gnolls and an endoplasm.

Vanquished Creatures
  2 adders
  2 gnolls
  3 endoplasms (D:1)
  A giant cockroach (D:1)
  A goblin (D:1)
  4 hobgoblins
  3 ball pythons
  4 bats
  2 frilled lizards
  2 kobolds
  6 rats
30 creatures vanquished.

Notes
Turn   | Place    | Note
-------+----------+-------------------------------------------
     0 | D:1      | Morbidden the Demonspawn Fighter began the quest for the
                  | Orb.
     0 | D:1      | Reached XP level 1. HP: 18/18 MP: 1/1
   334 | D:1      | Gained mutation: Spells you cast may paralyse adjacent
                  | enemies. [demonic ancestry]
   334 | D:1      | Reached XP level 2. HP: 24/24 MP: 2/2
  1398 | D:2      | Found Maczaoruf's Weapon Emporium.
  1443 | D:2      | Found a faded altar of an unknown god.
  1582 | D:2      | Found Ismimiap's Armour Shop.
  1616 | D:2      | Found Qoudwit's Weapon Shoppe.
  1631 | D:2      | Reached XP level 3. HP: 14/29 MP: 3/3
  1853 | D:2      | Found Secly's Distillery.
  2233 | D:3      | Noticed a sky beast
  2234 | D:3      | Found an ornate altar of the Wu Jian Council.
  2271 | D:3      | Noticed a scorpion
  2284 | D:3      | Found a transporter.
  2330 | D:3      | Found a transporter.
  2379 | D:3      | HP: 1/29 [gnoll/+0 flail (4)]
  2381 | D:3      | Mangled by a gnoll

Illustrated notes

Levels and vault maps discovered:
D:1:      erik_arrival_cave_to_civilisation [erik_arrival_cave_to_temple],
          layout_loops_corners, roderic_lattice_a
D:2:      layout_loops_ring, nicolae_ecumenical_oubliette, serial_shops,
          shop_statue, nicolae_shop_hallway_stairs, shop_statue,
          nicolae_shop_bloodbath_and_beyond
D:3:      layout_basic, okawaru_altar_gauntlet_db,
          gammafunk_temple_overflow_arena, hangedman_decor_riveting

Skill      XL: |  1  2  3 |
---------------+----------+-----
Axes           | 2 |  2.7
Armour         | 3 |  3.2
Shields        | 3 |  3.0
Fighting       | |  3.4
Stealth        | |  0.3

Action                   || total
-------------------------++-------
Melee: War axe           ||   109
  Use: Potion            ||     1
Armor: Scale mail        ||    63
Dodge: Dodged            ||    53
Block: Buckler           ||    21

Table legend: (Time is in decaauts)
 A = Elapsed time spent in this place.
 B = Non-inter-level travel time spent in this place.
 C = Inter-level travel time spent in this place.
 D = Time resting spent in this place.
 E = Time spent auto-exploring this place.
 F = Levels seen in this place.
 G = Mean time per level.
                   A        B        C        D        E       F      G
               +--------+--------+--------+--------+--------+-----+--------+
         Total |   2427 |   2394 |     33 |    170 |   1937 |   3 |  809.0 |
       Dungeon |   2427 |   2394 |     33 |    170 |   1937 |   3 |  809.0 |
               +--------+--------+--------+--------+--------+-----+--------+

Top non-repeatable levels by time:
     D:1: 1322 daAuts
     D:2: 821 daAuts
     D:3: 283 daAuts
